 Dungeon Crawl Stone Soup version 0.29.1-13-g9f3cf754e1 (webtiles) character file.

Game seed: 18228361528710051471

2333 booth the Firebug (level 9, -6/61 HPs)
             Began as a Demonspawn Fire Elementalist on Jan 23, 2023.
             Was a Follower of Sif Muna.
             Mangled by a two-headed ogre
             ... wielding a +0 dire flail
              (18 damage)
             ... on level 7 of the Dungeon on Jan 24, 2023.
             The game lasted 01:08:58 (8320 turns).

booth the Firebug (Demonspawn Fire Elementalist)    Turns: 8320, Time: 01:08:58

Health: -6/61      AC:  8    Str: 10    XL:     9   Next: 19%
Magic:  15/17      EV: 13    Int: 20    God:    Sif Muna [*.....]
Gold:   344        SH:  0    Dex: 13    Spells: 8/18 levels left

rFire   . . .      SeeInvis .   r - +2 hand axe (flame)
rCold   . . .      Faith    .   (no shield)
rNeg    + . .      Spirit   .   a - +0 robe
rPois   .          Reflect  .   (no helmet)
rElec   .          Harm     .   h - +0 cloak
rCorr   .          Rampage  .   f - +0 pair of gloves
Will    .....                   t - +0 pair of boots
Stlth   ++........              o - amulet of the acrobat
HPRegen 0.20/turn               u - ring of positive energy
MPRegen 0.15/turn               (no ring)

@: mighty
A: claws 2, icy blue scales 2, powered by pain 1
a: Renounce Religion, Channel Magic


You were on level 7 of the Dungeon.
You worshipped Sif Muna.
Sif Muna was aware of your devotion.
You visited 1 branch of the dungeon, and saw 7 of its levels.

You collected 344 gold pieces.

Inventory:

Hand Weapons
 e - a +5 war axe
 i - a +1 dagger of electrocution
 m - a +2 dagger of venom
 r - a +2 hand axe of flaming (weapon)
 K - a +0 war axe of flaming
Missiles
 J - 2 poisoned darts
Armour
 a - a +0 robe (worn)
 f - a +0 pair of gloves (worn)
 h - a +0 cloak (worn)
 n - an orb of energy
 s - a +0 ring mail
 t - a +0 pair of boots (worn)
 D - a +0 leather armour
Jewellery
 o - an amulet of the acrobat (around neck)
 u - a ring of positive energy (left hand)
Wands
 G - a wand of digging (4)
Scrolls
 j - 4 scrolls of vulnerability
 p - a scroll of magic mapping
 q - a scroll of acquirement {unknown}
 v - a scroll of brand weapon {unknown}
 w - a scroll of enchant weapon {unknown}
 x - a scroll of teleportation {unknown}
 C - 2 scrolls of fog {unknown}
 E - a scroll of torment {unknown}
 F - a scroll of enchant armour {unknown}
Potions
 b - 3 potions of magic
 c - a potion of attraction {unknown}
 d - a potion of invisibility {unknown}
 g - 4 potions of curing
 l - 2 potions of might
 z - a potion of lignification {unknown}
 A - a potion of resistance
 B - 2 potions of cancellation


   Skills:
 + Level 1.8 Fighting
 - Level 2.2 Short Blades
 * Level 0.2(0.3) Axes
 + Level 0.4(0.5) Maces & Flails
 + Level 3.5 Dodging
 + Level 3.1 Stealth
 + Level 5.4 Spellcasting
 + Level 3.9 Conjurations
 + Level 1.6 Hexes
 * Level 6.6 Fire Magic
 * Level 4.6 Evocations


You had 8 spell levels left.
You knew the following spells:

 Your Spells              Type           Power      Damage    Failure   Level
a - Foxfire               Conj/Fire      100%       2x1d9     1%          1
b - Scorch                Fire           64%        2d8       1%          2
c - Conjure Flame         Conj/Fire      26%        6-21      3%          3
d - Inner Flame           Hex/Fire       22%        N/A       6%          3
e - Freeze                Ice            20%        1d4       11%         1

Your spell library contained the following spells:

 Spells                   Type           Power      Damage    Failure   Level
 Flame Wave               Conj/Fire      26%        2d8       13%         4
 Frozen Ramparts          Ice            10%        1d2       32%         3
 Hailstorm                Conj/Ice       13%        3d5       45%         4


Dungeon Overview and Level Annotations

Branches:
Dungeon (7/15)
 Temple: D:4-7

Altars:
Hepliaklqana
Kikubaaqudgha
Okawaru
Sif Muna
Xom
Yredelemnul

Shops:
D:1 !


Innate Abilities, Weirdness & Mutations

You have very sharp fingernails.
You are mostly covered in icy blue scales. (AC +3)
You sometimes gain a little power by taking damage.


Message History

A killer bee comes into view.
You closely miss the two-headed ogre.
The two-headed ogre is lightly wounded.
The foxfire hits the two-headed ogre.
The two-headed ogre is lightly wounded.
The foxfire hits the two-headed ogre.
The two-headed ogre is lightly wounded.
The two-headed ogre barely misses you.
The two-headed ogre hits you with a +0 giant spiked club!
You focus on the pain.
You feel very mighty all of a sudden.
You slash the two-headed ogre! You burn the two-headed ogre.
The two-headed ogre is moderately wounded.
You barely miss the killer bee. The killer bee stings you!
The killer bee completely misses you. The two-headed ogre barely misses you.
The two-headed ogre hits you with a +0 giant spiked club!
The killer bee misses you.
You hit the two-headed ogre. You burn the two-headed ogre.
The two-headed ogre is heavily wounded.
You slash the killer bee! You burn the killer bee. You miss the killer bee.
You slash the killer bee! You burn the killer bee.
The killer bee closely misses you. x2
The killer bee stings you but does no damage.
The killer bee misses you. The two-headed ogre barely misses you.
The two-headed ogre misses you. The killer bee barely misses you.
The killer bee stings you but does no damage. x2
The killer bee misses you.
Casting: Foxfire (safe; 1% risk of failure)
Confirm with . or Enter, or press ? or * to list all spells.
You conjure some foxfire!
The killer bee stings you but does no damage.
The killer bee completely misses you. The killer bee closely misses you.
The killer bee stings you.
* * * LOW HITPOINT WARNING * * *
The killer bee stings you.
* * * LOW HITPOINT WARNING * * *
The killer bee stings you but does no damage. x2
The killer bee closely misses you. The two-headed ogre barely misses you.
The two-headed ogre hits you with a +0 giant spiked club!!
You die...

## ## #.####
.##
##.....##..###.
#..............
#.............
#....yvv......
#$..O@y......
###.yyy......
#......[....
#.........###
#.........#
#.........##
#..........
#...!.....##


You could see a two-headed ogre (ally target) and 5 killer bees.

Vanquished Creatures
  A two-headed ogre (D:5)
  Menkaure (D:6)
  A water moccasin (D:6)
  An ice beast (D:6)
  A sky beast (D:6)
  An ogre (D:6)
  A centaur (D:5)
  A kobold brigand (D:6)
  A scorpion (D:4)
  5 wights (D:6)
  2 howler monkeys
  6 hounds
  3 jellies
  An orc priest (D:5)
  3 iguanas
  2 orc wizards
  8 adders
  8 gnolls
  A river rat (D:4)
  A shadow imp (D:6)
  2 white imps
  3 worms
  5 dart slugs
  11 orcs
  5 bats
  5 endoplasms
  5 giant cockroaches
  4 goblins
  6 hobgoblins
  3 jackals (D:3)
  12 kobolds
  6 quokkas
  8 ball pythons
  2 frilled lizards
  7 rats
133 creatures vanquished.

Vanquished Creatures (others)
  289 foxfires
289 creatures vanquished.

Grand Total: 422 creatures vanquished

Notes
Turn   | Place    | Note
-------+----------+-------------------------------------------
     0 | D:1      | booth the Demonspawn Fire Elementalist began the quest for
                  | the Orb.
     0 | D:1      | Reached XP level 1. HP: 13/13 MP: 3/3
    32 | D:1      | Found Oskej's Distillery.
    78 | D:1      | Found a faded altar of an unknown god.
   382 | D:1      | Reached skill level 3 in Fire Magic
   730 | D:1      | Gained mutation: You are partially covered in icy blue
                  | scales. (AC +2) [demonic ancestry]
   730 | D:1      | Reached XP level 2. HP: 19/19 MP: 3/5
   803 | D:1      | Learned a level 2 spell: Scorch
  1364 | D:2      | Gained mutation: You have sharp fingernails. [demonic
                  | ancestry]
  1364 | D:2      | Reached XP level 3. HP: 9/24 MP: 2/6
  1986 | D:2      | Learned a level 3 spell: Conjure Flame
  2145 | D:2      | Gained mutation: You have very sharp fingernails. [demonic
                  | ancestry]
  2145 | D:2      | Reached XP level 4. HP: 31/31 MP: 1/7
  3241 | D:3      | Reached XP level 5. HP: 22/36 MP: 4/9
  3567 | D:4      | Reached skill level 1 in Fighting
  3627 | D:4      | Reached skill level 1 in Evocations
  3634 | D:4      | Reached skill level 4 in Fire Magic
  3862 | D:4      | Reached XP level 6. HP: 13/43 MP: 7/11
  4842 | D:4      | Found a shimmering blue altar of Sif Muna.
  4846 | D:4      | Became a worshipper of Sif Muna the Loreminder
  4922 | D:5      | Entered Level 5 of the Dungeon
  5092 | D:5      | Gained mutation: You are mostly covered in icy blue scales.
                  | (AC +3) [demonic ancestry]
  5092 | D:5      | Reached XP level 7. HP: 38/48 MP: 10/12
  5208 | D:5      | Found an iron altar of Okawaru.
  5248 | D:5      | Learned a level 3 spell: Inner Flame
  5318 | D:5      | Reached skill level 1 in Short Blades
  5423 | D:5      | Noticed a two-headed ogre
  5448 | D:5      | Killed a two-headed ogre
  5449 | D:5      | Reached skill level 1 in Hexes
  5449 | D:5      | Reached skill level 5 in Fire Magic
  5449 | D:5      | Gained mutation: You sometimes gain a little power by
                  | taking damage. [demonic ancestry]
  5449 | D:5      | Reached XP level 8. HP: 54/54 MP: 4/14
  5594 | D:5      | Found a hazy altar of Hepliaklqana.
  5596 | D:5      | Found a basalt altar of Yredelemnul.
  5596 | D:5      | Found an ancient bone altar of Kikubaaqudgha.
  5653 | D:5      | Found a shimmering altar of Xom.
  5680 | D:5      | Reached * piety under Sif Muna
  6041 | D:6      | Learned a level 1 spell: Freeze
  6463 | D:6      | Reached skill level 6 in Fire Magic
  7215 | D:6      | Reached skill level 5 in Spellcasting
  7256 | D:6      | Reached XP level 9. HP: 16/61 MP: 10/16
  7481 | D:6      | Noticed Menkaure
  7493 | D:6      | Killed Menkaure
  8314 | D:7      | Noticed a two-headed ogre
  8320 | D:7      | Mangled by a two-headed ogre

Illustrated notes

Levels and vault maps discovered:
D:1:      tarquinn_simple_flora_water_a, layout_basic,
          hellmonk_ecumenical_altar_arch_garden, serial_shops,
          nicolae_shop_temple_entry_statues_fountains, minmay_tetromino_o4
D:2:      layout_rooms
D:3:      layout_basic, kennysheep_path_1, grunt_decor_arrowhead
D:4:      layout_loops_cross, kennysheep_mini, portal_sewer_entry_e
D:5:      layout_rooms, nicolae_overflow_quartered_altars,
          okawaru_metal_pillars_3
D:6:      nicolae_BIG_FREAKIN_CUBE, layout_loops_cross, uniq_menkaure
D:7:      minmay_the_grid_octo_tiled_octocenter
          [minmay_the_grid_octo_fan_narrow, minmay_the_grid_octo_clover_2,
          minmay_the_grid_octo_horde, minmay_the_grid_octo_clover,
          minmay_the_grid_octo_prize_square_snowflake,
          minmay_the_grid_square_5x5_two_small,
          minmay_the_grid_square_5x5_seven, minmay_the_grid_square_5x5_two,
          minmay_the_grid_square_5x5_tri_point], layout_cave_pods,
          temple_fountains

Skill      XL: |  1  2  3  4  5  6  7  8 |
---------------+-------------------------+-----
Fire Magic     | 3 4 5 6 |  6.6
Dodging        | 2 3 |  3.5
Stealth        | 2 3 |  3.1
Spellcasting   | 3 4 5 |  5.4
Fighting       | 1 |  1.8
Conjurations   | 2 3 |  3.9
Evocations     | 1 2 3 4 |  4.6
Short Blades   | 1 2 |  2.2
Hexes          | 1 |  1.6
Axes           | |  0.2
Maces & Flails | |  0.4

Action                   |  1- 3 |  4- 6 |  7- 9 || total
-------------------------+-------+-------+-------++-------
Melee: Unarmed           |    17 |       |       ||    17
       Whip              |    24 |     3 |       ||    27
       Dagger            |       |    93 |    95 ||   188
       Hand axe          |       |       |    24 ||    24
 Cast: Foxfire           |    53 |    54 |    63 ||   170
       Scorch            |     4 |     4 |     8 ||    16
       Conjure Flame     |     1 |     1 |       ||     2
       Inner Flame       |       |       |     9 ||     9
  Use: Scroll            |     5 |     3 |     4 ||    12
       Potion            |       |     2 |     3 ||     5
 Stab: Sleeping          |       |     1 |     2 ||     3
Armor: Robe              |    14 |    33 |    48 ||    95
Dodge: Dodged            |    46 |   105 |   112 ||   263
